 Dungeon Crawl Stone Soup version 0.30.0-11-gf55b779eaf (webtiles) character file.

Game seed: 2861779963289918710

191 ProzacElf the Sneak (level 5, -5/38 HPs)
             Began as a Vampire Warper on May 17, 2023.
             Slain by a scorpion (6 damage)
             ... on level 4 of the Dungeon.
             The game lasted 00:06:25 (2275 turns).

ProzacElf the Sneak (Vampire Warper)                Turns: 2275, Time: 00:06:25

Health: -5/38      AC:  4    Str: 12      XL:     5   Next: 42%
Magic:  8/8        EV: 17    Int: 15      God:
Gold:   144        SH:  0    Dex: 13 (14) Spells: 8/8 levels left

rFire   . . .        a - +0 falchion
rCold   . . .        (no shield)
rNeg    . . .        h - +0 troll leather armour
rPois   .            (no helmet)
rElec   .            (no cloak)
rCorr   .            (no gloves)
SInv    +            (no boots)
Will    .....        (no amulet)
Stlth   ++           g - +5 ring of evasion {=R}
HPRegen 1.26/turn    (no ring)
MPRegen 0.11/turn

%: no passive effects
@: lethally poisoned (-5 -> -8), weak-willed, healing quickly
A: alive, fangs 3, see invisible, vampiric 2
a: Exsanguinate


You were on level 4 of the Dungeon.
You visited 1 branch of the dungeon, and saw 4 of its levels.

You collected 144 gold pieces.

Inventory:

Hand Weapons
 a - a +0 falchion (weapon)
Missiles
 d - 7 boomerangs of dispersal (quivered)
Armour
 b - a +0 leather armour
 h - a +0 troll leather armour (worn)
Jewellery
 g - a +5 ring of evasion (left hand) {=R}
 q - a ring of fire
Scrolls
 c - 2 scrolls of blinking
 f - a scroll of teleportation {unknown}
 j - 2 scrolls of noise {unknown}
 k - 2 scrolls of vulnerability
 l - a scroll of enchant armour {unknown}
 m - a scroll of enchant weapon {unknown}
 n - 3 scrolls of identify {unknown}
Potions
 o - 2 potions of haste


   Skills:
 - Level 1.7 Fighting
 + Level 3.6 Long Blades
 - Level 0.7 Throwing
 - Level 0.7 Armour
 + Level 4.0 Dodging
 + Level 4.5 Stealth
 - Level 2.0 Spellcasting
 - Level 2.4 Translocations


You had 8 spell levels left.
You didn't know any spells.
Your spell library contained the following spells:

 Spells                   Type           Power      Damage    Failure   Level
 Blink                    Tloc           16%        N/A       16%         2
 Lesser Beckoning         Tloc           16%        N/A       16%         2
 Momentum Strike          Conj/Tloc      10%        3d8       26%         2
 Shock                    Conj/Air       4%         1d3       28%         1
 Teleport Other           Tloc           8%         N/A       32%         3
 Scorch                   Fire           2%         2d5       38%         2
 Vhi's Electric Charge    Tloc/Air       10%        N/A       45%         3
 Swiftness                Air            1%         N/A       63%         3
 Manifold Assault         Tloc           8%         N/A       71%         4
 Airstrike                Air            0%         2d(1-17)  95%         4
 Flame Wave               Conj/Fire      1%         2d4       95%         4
 Summon Cactus Giant      Summ           0%         N/A       100%        6


Dungeon Overview and Level Annotations

Branches:
Dungeon (4/15)
 Temple: D:4-7

Altars:


Innate Abilities, Weirdness & Mutations

Your natural rate of healing is accelerated.
You have razor-sharp teeth.
You have supernaturally acute eyesight. (SInv)
You are afflicted with vampirism and can become a bat while bloodless.


Message History

Ye be too injured ta fight recklessly!
Ye be too injured ta fight recklessly!
Tha scorpion attacks as ye move away!
Tha scorpion misses ye.
Tha hobgoblin attacks as ye move away!
Tha hobgoblin misses ye.
Ye feel very sick.
Ye take 2 damage, an' haf 16/38 hp.
Ye feel very sick.
Ye see 'ere 12 gold pieces.
Ye take 2 damage, an' haf 14/38 hp.
Ye feel very sick.
Thar be an op'n door 'ere.
Ye take 2 damage, an' haf 12/38 hp.
Tha orc attacks as ye move away!
Tha orc closely misses ye.
Ye feel sick.
Tha scorpion stin's ye.
* * * LOW HITPOINT WARNIN'
* * * Ye take 5 damage, an' haf 7/38 hp.
Okay, than.
Ye barely miss tha scorpion.
Tha scorpion be almost dead.
Ye feel sick.
Tha scorpion stin's ye.
* * * LOW HITPOINT WARNIN'
* * * Ye be leth'lly poison'd!
Tha scorpion poisons ye!
Ye take 1 damage, an' haf 6/38 hp.
Okay, than.
As ye read tha scroll labelled GOOROO RERERAI, it crumbles ta dust.
Magic quickly surges around ye.
It was a scroll o' vulnerability.
* * * LOW HITPOINT WARNIN'
* * * Ye feel very sick.
Tha scorpion barely misses ye.
Ye take 3 damage, an' haf 3/38 hp.
Ye hit tha scorpion but do nay damage.
Tha scorpion be almost dead.
* * * LOW HITPOINT WARNIN'
* * * Ye feel very sick.
Tha scorpion misses ye.
Tha scorpion completely misses ye.
Ye take 2 damage, an' haf 1/38 hp.
Okay, than.
Tha scorpion attacks as ye move away!
Tha scorpion stin's ye.
Ye die...

##.. ##...
##############....
#.................
#######.................
........................
####............#....
#...........)##...
#@##############..
#####s###### ##.
#...$og...... ##
#............ #
#..†.........
#..........#####
#.............
#........$..##
#.............


You could see a scorpion (weak-willed), an orc (weak-willed) and a hobgoblin
(weak-willed).

Vanquished Creatures
  A scorpion (D:4)
  4 adders
  4 dart slugs
  2 orcs
  11 bats
  8 endoplasms
  3 giant cockroaches
  5 goblins
  7 hobgoblins
  8 jackals
  2 kobolds
  4 quokkas
  7 ball pythons
  6 frilled lizards (D:1)
  7 rats
79 creatures vanquished.

Notes
Turn   | Place    | Note
-------+----------+-------------------------------------------
     0 | D:1      | ProzacElf the Vampire Warper began the quest for the Orb.
     0 | D:1      | Reached XP level 1. HP: 16/16 MP: 3/3
   160 | D:1      | Reached skill level 1 in Stealth
   223 | D:1      | Reached XP level 2. HP: 15/22 MP: 5/5
   967 | D:2      | Gained mutation: You are afflicted with vampirism and can
                  | become a bat while bloodless. [Vampire growth]
   967 | D:2      | Reached XP level 3. HP: 27/27 MP: 6/6
  1104 | D:2      | Found a faded altar of an unknown god.
  1520 | D:2      | Reached XP level 4. HP: 33/33 MP: 7/7
  2129 | D:4      | Noticed a scorpion
  2175 | D:4      | Killed a scorpion
  2176 | D:4      | Reached XP level 5. HP: 19/38 MP: 8/8
  2274 | D:4      | HP: 1/38 [poisoned by a scorpion]
  2275 | D:4      | Slain by a scorpion

Illustrated notes

Levels and vault maps discovered:
D:1:      saegor_arrival_fortress, layout_basic
D:2:      layout_basic, shapermc_ecumenical_altar_gd
D:3:      layout_basic
D:4:      layout_basic, serial_shops, nicolae_shop_advertising_works
          [nicolae_subvault_shop_adworks]

Skill      XL: |  1  2  3  4 |
---------------+-------------+-----
Stealth        | 1 2 3 4 |  4.5
Dodging        | 3 4 |  4.0
Long Blades    | 3 |  3.6
Fighting       | |  1.7
Throwing       | |  0.7
Armour         | |  0.7
Spellcasting   | |  2.0
Translocations | |  2.4

Action                     |  1- 3 |  4- 6 || total
---------------------------+-------+-------++-------
  Melee: Falchion          |   131 |   148 ||   279
         Bite              |    11 |    16 ||    27
         Punch             |     1 |     1 ||     2
    Use: Potion            |       |     4 ||     4
         Scroll            |       |     1 ||     1
   Stab: Sleeping          |     2 |     7 ||     9
 Armour: Leather armour    |     7 |       ||     7
         Troll leather arm |    16 |    47 ||    63
  Dodge: Dodged            |   118 |   235 ||   353

Action                     |  1- 3 |  4- 6 || total
---------------------------+-------+-------++-------
  Melee: Falchion          |   131 |   148 ||   279
         Bite              |    11 |    16 ||    27
         Punch             |     1 |     1 ||     2
    Use: Potion            |       |     4 ||     4
         Scroll            |       |     1 ||     1
   Stab: Sleeping          |     2 |     7 ||     9
 Armour: Leather armour    |     7 |       ||     7
         Troll leather arm |    16 |    47 ||    63
  Dodge: Dodged            |   118 |   235 ||   353

Levels and vault maps discovered:
D:1:      saegor_arrival_fortress, layout_basic
D:2:      layout_basic, shapermc_ecumenical_altar_gd
D:3:      layout_basic
D:4:      layout_basic, serial_shops, nicolae_shop_advertising_works
          [nicolae_subvault_shop_adworks]
